 Dungeon Crawl Stone Soup version 0.15.2 (webtiles) character file.

2798 Goblin1989 the Ruffian (level 9, -4/70 HPs)
             Began as a Vine Stalker Healer on Jan 5, 2017.
             Was a Follower of Elyvilon.
             Splashed by a brown ugly thing's acid (10 damage)
             ... on Level 8 of the Dungeon.
             The game lasted 00:40:17 (7789 turns).

Goblin1989 the Ruffian (Vine Stalker Healer)        Turns: 7789, Time: 00:40:18

HP  -4/70        AC  8     Str 22      XL: 9   Next: 71%
MP   0/17        EV  9     Int 12      God: Elyvilon [*.....]
Gold 178         SH 11     Dex 20      Spells:  0 memorised,  8 levels left

rFire  . . .     SeeInvis .       - Unarmed
rCold  . . .     Clarity  .     j - +0 plate armour
rNeg   . . .     rCorr    .     a - +0 shield
rPois  +         rRot     +     D - +1 hat
rElec  .         Spirit   +     (no cloak)
SustAb .         Warding  .     (no gloves)
rMut   .         Stasis   .     (no boots)
Gourm  +                        v - amulet of the gourmand
MR     +....                    J - ring of flight
                                y - ring of poison resistance

@: agile, berserking, corroded equipment, very quick, somewhat resistant to
hostile enchantments, extremely unstealthy
A: fangs 3, regeneration 2, magic shield, antimagic bite, no device heal 3, rot
immunity
a: Lesser Healing, Lesser Self-Healing, Divine Protection, Renounce Religion,
Evoke Flight


You were on level 8 of the Dungeon.
You worshipped Elyvilon.
Elyvilon was aware of your devotion.
You were very full.

You visited 1 branch of the dungeon, and saw 8 of its levels.

You collected 282 gold pieces.
You spent 104 gold pieces at shops.

Inventory:

Hand weapons
 L - a +0 blowgun {@w1}
Missiles
 t - a throwing net {=f, !d}
 M - 13 poisoned needles
Armour
 a - a +0 shield (worn)
 j - a +0 plate armour (worn)
 D - a +1 hat (worn)
Magical devices
 q - a wand of teleportation (0) {!v, @v4}
 B - a wand of enslavement (11) {unknown}
 F - a wand of flame (0)
 H - a wand of lightning (2)
Comestibles
 d - 9 bread rations {@e1}
 i - 3 meat rations {@e2}
 k - 16 fruits
 l - a slice of pizza
 E - 3 beef jerkies
Scrolls
 c - 2 scrolls of recharging {unknown}
 e - 2 scrolls of noise {unknown}
 g - 2 scrolls of magic mapping {unknown}
 m - a scroll of enchant weapon
 s - 3 scrolls of amnesia {unknown}
 w - a scroll of remove curse {@r2}
 x - 2 scrolls of fog
 A - 2 scrolls of random uselessness {unknown}
 G - 3 scrolls of immolation {unknown}
Jewellery
 v - an amulet of the gourmand (around neck)
 y - a ring of poison resistance (left hand)
 J - a ring of flight (right hand)
Potions
 b - a potion of curing {@q1}
 f - a potion of confusion {unknown}
 h - a potion of porridge
 n - 2 potions of haste {!q, @q3}
 o - a potion of magic
 p - a potion of flight {unknown}
 u - a potion of restore abilities {unknown}
 z - 2 potions of brilliance
 I - a potion of poison {unknown}
Books
 K - a book of Changes

   Spells                             Type                      Level
   Beastly Appendage                  Transmutation                1
   Sticks to Snakes                   Transmutation                2
   Spider Form                        Transmutation/Poison         3
   Ice Form                           Ice/Transmutation            4
   Blade Hands                        Transmutation                5


   Skills:
 + Level 5.0 Fighting
 + Level 5.0 Armour
 - Level 1.5 Dodging
 + Level 5.2 Shields
 * Level 7.9 Unarmed Combat
 - Level 3.1 Invocations


You had 8 spell levels left.
You didn't know any spells.

Dungeon Overview and Level Annotations

Branches:
Dungeon (8/15)             Temple (0/1) D:6
   Lair: D:8-11

Altars:
Kikubaaqudgha
Makhleb
Nemelex Xobeh
Sif Muna
Trog
Xom
The Shining One

Shops:
D:8 *


Innate Abilities, Weirdness & Mutations

You have razor-sharp teeth.
You heal very quickly.
When hurt, damage is shared between your health and your magic reserves.
Your bite disrupts and absorbs the magic of your enemies.
Potions and wands cannot restore your health.
You are immune to rotting.


Message History

You now have 7/17 mp.
You closely miss the brown ugly thing. You bite the brown ugly thing!
You drain its power.
You feel invigorated.
The brown ugly thing is heavily wounded.
The brown ugly thing gores you!
* * * LOW HITPOINT WARNING * * *
You are splashed with acid!
The acid burns!
* * * LOW HITPOINT WARNING * * *
You take 7 damage, and have 4/47 hp.
You now have 4/17 mp.
Read which item? (? for menu, Esc to quit)
Okay, then.
Read which item? (? for menu, Esc to quit)
Okay, then.
Drink which item? (? for menu, Esc to quit)
Really quaff
C - a potion of berserk rage {!q}?
A red film seems to cover your vision as you go berserk!
You feel yourself moving faster!
You feel mighty! The brown ugly thing gores you.
You are splashed with acid!
The acid corrodes your equipment!
The acid burns!
You die...

####.#.#.#.########.#.#
#.#.#.#..#... #.#.# #
##.#.#.#.#.##### #.#.#
## ##.#.#.#%...#...
#.#.# .##
##.#.#.#.#.#..#.# #.#.#
#.# #.#.#.#.#..#..#.#
#.#.# # .##
##.#.#.#.#..>...# #.#.#
# #.###h#.#.#.#..##...#
#.#.# #
.#.#.#.#.#u#.#.u@...#
#.#.# #
#.#.#.#.#.#.#.###.#.#
#.#.#####
.#u#.#.#.#.#.## #...#
###'#......
#.#.#.#.#.#.#.#
##..###.........#
.#.#.#.#.#.#.##
#...##.........#
#.#.#.#.#.#.#.#
##..##.........#
.#.#.#.#.#.#.##
#...#.........#
#.#.#.#.#.#.#.#
#...#.........#
.#.#.#.#.#.#.##
##............#


You could see a brown ugly thing.

Vanquished Creatures
  The ghost of dscm the Magician, an experienced OpSk (D:6)
  Grinder (D:5)
  A spriggan (D:8)
  A water moccasin (D:6)
  4 sky beasts
  An ogre (D:6)
  A phantom (D:7)
  2 necrophages
  2 big kobolds (D:8)
  A scorpion (D:5)
  3 wights (D:8)
  2 jellies
  4 crimson imps
  2 goliath beetles
  A quasit (D:7)
  2 orc priests
  4 worker ants
  2 orc wizards
  A giant frog skeleton (D:4)
  An ogre zombie (D:7)
  A worker ant zombie (D:8)
  9 adders
  7 gnolls
  A shadow imp (D:6)
  A giant mite (D:5)
  3 worms
  An orc zombie (D:6)
  The ghost of dscm the Digger, a weakling OpEE (D:3)
  11 giant geckos
  An ooze (D:2)
  11 orcs
  A bat skeleton (D:2)
  3 bat zombies
  8 giant cockroaches
  13 goblins
  15 hobgoblins
  14 jackals
  16 kobolds
  A quokka (D:5)
  3 ball pythons
  12 bats
  8 giant newts
  A goblin skeleton (D:2)
  2 hobgoblin skeletons
  A jackal skeleton (D:6)
  A kobold skeleton (D:5)
  A kobold zombie (D:6)
  12 rats
  A rat zombie (D:5)
197 creatures vanquished.

Notes
Turn   | Place    | Note
--------------------------------------------------------------
     0 | D:1      | Goblin1989, the Vine Stalker Healer, began the quest for the Orb.
     0 | D:1      | Reached XP level 1. HP: 9/9 MP: 1/1
   245 | D:1      | Reached skill level 3 in Invocations
   294 | D:1      | Reached XP level 2. HP: 10/14 MP: 4/4
   414 | D:1      | Reached skill level 1 in Fighting
   434 | D:1      | Reached skill level 1 in Unarmed Combat
  1117 | D:1      | Reached XP level 3. HP: 14/18 MP: 3/6
  1575 | D:2      | Found a sparkling altar of Nemelex Xobeh.
  1575 | D:2      | Found a burning altar of Makhleb.
  1584 | D:2      | Reached skill level 1 in Shields
  1584 | D:2      | Reached XP level 4. HP: 13/22 MP: 5/7
  1673 | D:2      | Reached skill level 1 in Armour
  1994 | D:2      | Found a bloodstained altar of Trog.
  2274 | D:3      | Found a glowing golden altar of the Shining One.
  2303 | D:3      | Reached XP level 5. HP: 18/25 MP: 10/10
  2751 | D:3      | Noticed dscm's ghost (weakling OpEE)
  2759 | D:3      | Killed dscm's ghost
  3311 | D:4      | Gained mutation: You heal very quickly. [vine stalker growth]
  3311 | D:4      | Reached XP level 6. HP: 27/30 MP: 11/11
  3659 | D:4      | Noticed an ogre
  3662 | D:3      | HP: 1/32 [ogre/giant club (19)]
  4212 | D:5      | Entered Level 5 of the Dungeon
  4465 | D:5      | Acquired Elyvilon's second power
  4917 | D:5      | Reached XP level 7. HP: 27/35 MP: 11/13
  5045 | D:5      | Noticed Grinder
  5068 | D:5      | Paralysed by Grinder for 2 turns
  5084 | D:5      | Killed Grinder
  5084 | D:5      | Reached skill level 4 in Unarmed Combat
  5548 | D:6      | Reached skill level 5 in Unarmed Combat
  5548 | D:6      | Gained mutation: You have razor-sharp teeth. [vine stalker growth]
  5548 | D:6      | Reached XP level 8. HP: 27/40 MP: 12/15
  5671 | D:6      | Found a staircase to the Ecumenical Temple.
  5960 | D:6      | Found an ancient bone altar of Kikubaaqudgha.
  6015 | D:6      | Noticed dscm's ghost (experienced OpSk)
  6046 | D:6      | Killed dscm's ghost
  6046 | D:6      | Reached skill level 6 in Unarmed Combat
  6486 | D:7      | Reached XP level 9. HP: 42/45 MP: 15/17
  6802 | D:7      | Found a deep blue altar of Sif Muna.
  6879 | D:7      | Reached skill level 7 in Unarmed Combat
  6925 | D:8      | Noticed a brown ugly thing
  6971 | D:8      | Found Thusugu's General Store.
  7052 | D:8      | Bought a potion of agility for 40 gold pieces
  7052 | D:8      | Bought a scroll of identify for 32 gold pieces
  7052 | D:8      | Bought a scroll of fog for 32 gold pieces
  7228 | D:8      | Found a shimmering altar of Xom.
  7249 | D:8      | Reached skill level 5 in Shields
  7687 | D:8      | Reached skill level 5 in Fighting
  7699 | D:8      | Reached skill level 5 in Armour
  7789 | D:8      | Splashed by a brown ugly thing's acid

Action                   |  1- 3 |  4- 6 |  7- 9 || total
-------------------------+-------+-------+-------++-------
Melee: Unarmed           |   197 |   438 |   429 ||  1064
Invok: Lesser Self-Heali |       |     4 |       ||     4
       Lesser Healing    |       |       |     1 ||     1
Evoke: Wand              |       |     3 |     7 ||    10
  Use: Potion            |       |     1 |     2 ||     3
       Scroll            |       |       |     7 ||     7
 Stab: Sleeping          |     1 |       |       ||     1
  Eat: Chunk             |     2 |    24 |     9 ||    35

Vault maps used:
D:1:      saegor_arrival_simple_b, minmay_cupped
D:2:      overflow_temple_1_default, nemelex_xobeh_ov_fountains_minmay,
          serial_undead, serial_undead_f, serial_undead_a, serial_undead_f,
          serial_undead_c, serial_undead_c, trog_hazing_becter
D:3:      lemuel_round_altar, st_stairs_13, dk_noncrumbling_2,
          minmay_misc_feat_alley
D:4:      first_bread, minmay_unequal
D:5:      minmay_misc_feat_hallway, grunt_ministairs_1, dk_vineyard_3,
          uniq_grinder
D:6:      lemuel_zombie_altar_kikubaaqudgha,
          minmay_temple_entry_statues_fountains
D:7:      lemuel_coloured_pillars_altar, basic_altar, serial_pond,
          minmay_pond_plants_aa, minmay_pond_plants_b, minmay_pond_plants_n
D:8:      minmay_overflow_temple_star_quad, serial_shops,
          nicolae_shop_waterfront, the_bakery, xom_teletrap_fun
